Unix NetHack Version 3.7.0-65 Work-in-progress - last build Sep 26 2022 05:48:34 (a9070be95fe145525c880ceec589f5104d392f49,branch:master). Game began 2022-09-28 18:32:20, ended 2022-09-28 18:58:55. RaijinKnight, chaotic female elven Wizard ---------- ----- ------------ |.fF...**| |.{.| |<.........| |x.i...**| |....# |.{........| |...:.G..| #-...|# ------ |..........| |...e..**| #|..^|# |....| ---------.-- |..o.....| #-.-.-# #-....| # |...Z....| # ##### #|....| -------- #### --------|- # # ## #|....| #####.......| ## # ## # ### #----|- # |......| ------|---- ### # ### # # ####### |.......###|.........| # # # # #### # # #.......| #|..------.| # ### # ### # ### #|......| #|.......|.| # # ## # # ### ###-------- #...------.| ---|-- # ###`## ###### o # |.........| |....| ## #----|--# ---.-- # |......{..| |....|### #|....||# |....-#### ----------- |..>.-# #|.....-# |.>o.| |....| #......| |..@.| ------ ----.-- ----+- RaijinKnight the Conjurer St:8 Dx:17 Co:13 In:20 Wi:10 Ch:7 Chaotic S:886 Dlvl:4 $:82 HP:0(25) Pw:1(25) AC:6 Xp:4/151 T:2629 Satiated Latest messages: You see here 59 rocks. You see here 40 rocks. You see here 24 rocks. You see here 27 rocks. You see here 40 rocks. You see here 59 rocks. The giant ant just misses! The giant ant bites! You miss the giant ant. The giant ant bites! The giant ant bites! In what direction? 2 The spell hits the giant ant! You kill the giant ant! You hear a crunching sound. You hear crashing rock. With great effort you move the boulder. The pony kicks! The pony bites! In what direction? 4 The spell hits the pony! The pony kicks! The pony bites! What do you want to write with? [- ac-erH or ?*] - You write in the dust with your fingertip. What do you want to write in the dust here? Elbereth The pony turns to flee. The hill orc throws a crude dagger! The crude dagger slips as the hill orc throws it! What do you want to read? [jpquEK or ?*] j As you read the scroll, it disappears. M - an uncursed potion of sleeping. You hit the pony. The pony kicks! The pony misses! You kill the pony! There is an altar to Anhur (chaotic) here. You see here a pony corpse. There is a pony corpse here; sacrifice it? [ynq] (n) y Your sacrifice is consumed in a burst of flame! You have a hopeful feeling. The hill orc throws a crude dagger! You are hit by a crude dagger. N - a crude dagger. You find a hidden door. You hit the hill orc. The hill orc swings her curved sword. The hill orc hits! You die... Do you want your possessions identified? [ynq] (y) q Inventory: Coins $ - 82 gold pieces Weapons H - a +0 orcish dagger N - a cursed -2 orcish dagger a - a blessed +1 quarterstaff (weapon in hands) Armor b - an uncursed +3 cloak of magic resistance (being worn) Comestibles x - an uncursed food ration L - an uncursed egg Scrolls p - a blessed scroll of blank paper u - an uncursed scroll of earth E - an uncursed scroll of light q - an uncursed scroll of teleportation Spellbooks K - an uncursed spellbook of slow monster Potions f - an uncursed potion of enlightenment g - an uncursed potion of gain ability h - an uncursed potion of sickness M - an uncursed potion of sleeping Rings d - an uncursed ring of searching (on left hand) e - an uncursed ring of slow digestion (on right hand) Wands r - a cursed wand of probing (0:4) c - a wand of striking (0:5) Tools n - an uncursed blindfold v - an uncursed skeleton key RaijinKnight the Wizard's attributes: Background: You were a Conjurer, a level 4 female elven Wizard. You were chaotic, on a mission for Anhur who was opposed by Ptah (lawful) and Thoth (neutral). You were in the Dungeons of Doom, on level 4. You entered the dungeon 2629 turns ago. You had 151 experience points, 9 more were needed to attain level 5. Your score was 886 before end-of-game adjustments. Basics: You had 0 out of 25 hit points. You had 1 out of 25 energy points (spell power). Your armor class was 6. Your wallet contained 82 zorkmids. Autopickup was off. Final Characteristics: Your strength was 8 (limit:18). Your dexterity was 17 (peak:18, limit:18). Your constitution was 13 (limit:16). Your intelligence was 20 (limit:20). Your wisdom was 10 (limit:20). Your charisma was 7 (limit:18). Final Status: You were satiated. You were unencumbered. You were wielding a quarterstaff. You had basic skill with quarterstaff. Final Attributes: You were piously aligned. You were magic-protected. You were sleep resistant. You had automatic searching. You had infravision. You had slower digestion. You were warded. You were lucky. You are dead. Miscellaneous: You never encountered a bones level. Total elapsed playing time was 26 minutes and 34 seconds. Major events: Turn 1: RaijinKnight the chaotic female elven Wizard entered the dungeon 1830: attained the rank of Conjurer (level 3) 2510: entered the Gnomish Mines 2629: killed by a hill orc Vanquished creatures: a small mimic a pony a shrieker a giant ant a kitten a homunculus 3 hill orcs a rabid rat a dwarf zombie a werejackal a hobgoblin 2 giant rats a cave spider a green mold 2 geckos 5 jackals a goblin a sewer rat 6 grid bugs 2 lichens 5 newts 39 creatures vanquished. No species were genocided or became extinct. Voluntary challenges: You read items or engraved 9 times. You engraved Elbereth 1 time. You never genocided any monsters. You never polymorphed an object. You never changed form. You used no wishes. Achievements: You entered a shop. You attained the rank of Conjurer. You entered the Gnomish Mines. The Dungeons of Doom: levels 1 to 4 Level 1: A fountain, a grave. Level 2: A scroll shop, an altar. Level 3: An altar, a sink. Level 4: <- You were here. An altar to Anhur, many fountains, a grave. Stairs down to The Gnomish Mines. Final resting place for you, killed by a hill orc. The Gnomish Mines: Level 5: Game over: ---------- / \ / REST \ / IN \ / PEACE \ / \ | RaijinKnight | | 82 Au | | killed by a hill | | orc | | | | | | 2022 | *| * * * | * _________)/\\_//(\/(/\)/\//\/|_)_______ Goodbye RaijinKnight the Wizard... You died in The Dungeons of Doom on dungeon level 4 with 878 points, and 82 pieces of gold, after 2629 moves. You were level 4 with a maximum of 25 hit points when you died.